 Dungeon Crawl Stone Soup version 0.22-a0-430-g6609fc6 (webtiles) character file.

25 torrenera the Ruffian (level 2, -2/29 HPs)
             Began as a Troll Monk on May 26, 2018.
             Slain by Terence
             ... wielding a +4 short sword of draining
              (6 damage)
             ... on level 2 of the Dungeon.
             The game lasted 00:01:05 (695 turns).

torrenera the Ruffian (Troll Monk)                   Turns: 695, Time: 00:01:05

Health: -2/29      AC:  7    Str: 18    XL:     2   Next: 82%
Magic:  1/1        EV: 10    Int:  6    God:
Gold:   74         SH:  0    Dex: 12    Spells: 1/1 levels left

rFire    . . .     SeeInvis .     - Unarmed
rCold    . . .     Gourm    +   (no shield)
rNeg     . . .     Faith    .   a - +0 robe
rPois    .         Spirit   .   (helmet restricted)
rElec    .         Reflect  .   h - +1 cloak
rCorr    .         Harm     .   (gloves unavailable)
MR       .....                  (boots unavailable)
Stlth    +.........             (no amulet)
HPRegen  0.49/turn              (no ring)
MPRegen  0.07/turn              (no ring)

@: drained
A: large, unfitting armour, claws 3, fast metabolism 3, gourmand, regeneration
1, shaggy fur 1, tough skin 2
a: no special abilities


You were on level 2 of the Dungeon.
You were not hungry.

You visited 1 branch of the dungeon, and saw 2 of its levels.

You collected 74 gold pieces.

Inventory:

Missiles
 c - 25 poisoned needles
 g - 4 stones (quivered)
Armour
 a - a +0 robe (worn)
 h - a +1 cloak (worn)
Scrolls
 e - a scroll of random uselessness {unknown}
 i - a scroll of identify {unknown}
 k - 3 scrolls of remove curse {unknown}
 l - a scroll of immolation {unknown}
 m - a scroll of enchant armour {unknown}
Potions
 d - 2 potions of curing {unknown}
 f - 3 potions of lignification {unknown}
 j - a potion of degeneration {unknown}
Comestibles
 b - 6 rations


   Skills:
 - Level 2.4(1.5) Fighting
 - Level 2.4(1.5) Dodging
 - Level 1.0(0.2) Stealth
 + Level 4.1(3.2) Unarmed Combat


You had one spell level left.
You didn't know any spells.
Your spell library was empty.

Dungeon Overview and Level Annotations

Branches:
Dungeon (2/15)

Altars:

Annotations:
D:2 Terence


Innate Abilities, Weirdness & Mutations

You are too large for most types of armour.
You have claws for hands.
Your metabolism is lightning-fast.
You like to eat raw meat.
Your natural rate of healing is unusually fast.
You are covered in fur. (AC +1)
You have very tough skin. (AC +2)


Message History

Terence is nearby!
Terence is nearby!
Terence barely misses you.
You scratch Terence but do no damage.
Terence hits you with a short sword of draining.
You feel drained.
You claw Terence!
Terence is heavily wounded.
Terence hits you with a short sword of draining!
You feel drained.
You scratch Terence but do no damage.
Terence is heavily wounded.
Terence hits you with a short sword of draining.
* * * LOW HITPOINT WARNING * * *
You feel drained.
* * * LOW HITPOINT WARNING * * *
You claw Terence!
Terence is almost dead.
Terence hits you with a short sword of draining.
You die...

#.# #.# ..#
#.#.#
########.#.#
.........#.#
#######..#.#
#..#.#
########..#.#
..........#@#
.......#.##@#
.......#.##.#
.......#.##.#
.......#.##.#
.......#.##.#
########.##.#
#.##.# #.##.#
#.##.#


You could see Terence.

Vanquished Creatures
  A gnoll (D:1)
  A ball python (D:1)
  2 giant cockroaches
  A hobgoblin (D:1)
  5 bats (D:1)
  2 goblins (D:1)
  3 kobolds (D:1)
  A rat (D:1)
16 creatures vanquished.

Notes
Turn   | Place    | Note
-------+----------+-------------------------------------------
     0 | D:1      | torrenera the Troll Monk began the quest for the Orb.
     0 | D:1      | Reached XP level 1. HP: 22/22 MP: 0/0
   193 | D:1      | Reached XP level 2. HP: 28/29 MP: 1/1
   262 | D:1      | Reached skill level 4 in Unarmed Combat
   688 | D:2      | Noticed Terence
   695 | D:2      | Slain by Terence

Vault maps used:
D:1:      dpeg_arrival_pits
D:2:      grunt_temple_overflow_forces_of_nature, uniq_terence

Skill      XL: |  1  2 |
---------------+-------+-----
Unarmed Combat | 4 |  4.1
Fighting       | |  2.4
Dodging        | |  2.4
Stealth        | |  1.0

Action                   || total
-------------------------++-------
Melee: Unarmed           ||    43
       Punch             ||     2
  Eat: Chunk             ||     7
Armor: Robe              ||    17
Dodge: Dodged            ||    25

Table legend:
 A = Spawn XP
 B = Non-spawn XP
 C = Spawn XP percentage of total XP
 D = Spawn monster count
 E = Non-spawn monster count
 F = Spawn count percentage of total count
 G = Total turns spent on level
                    A         B        C        D         E        F      G
               +---------+---------+-------+---------+---------+-------+---------
         Total |       0 |      36 |   0.0 |       0 |      16 |   0.0 |   695
               +---------+---------+-------+---------+---------+-------+---------
           D:1 |       0 |      34 |   0.0 |       0 |      15 |   0.0 |   548
           D:2 |       0 |       2 |   0.0 |       0 |       1 |   0.0 |   147
               +---------+---------+-------+---------+---------+-------+---------
